 Dungeon Crawl Stone Soup version 0.27-a0-1597-ge58577e147 (webtiles) character file.

Game seed: 13199280123333142687

71 Mitsuki the Skirmisher (level 4, 0/41 HPs)
             Began as a Minotaur Fighter on July 21, 2021.
             Slain by Sigmund (2 damage)
             ... on level 2 of the Dungeon.
             The game lasted 00:02:04 (1400 turns).

Mitsuki the Skirmisher (Minotaur Fighter)           Turns: 1400, Time: 00:02:05

Health: 0/41       AC:  7    Str: 22    XL:     4   Next: 5%
Magic:  3/3        EV:  7    Int:  5    God:
Gold:   74         SH:  0    Dex:  9    Spells: 3/3 levels left

rFire    . . .     SeeInvis .   a - +0 long sword
rCold    . . .     Faith    .   c - +0 kite shield
rNeg     . . .     Spirit   .   b - +0 scale mail
rPois    .         Reflect  .   (helmet restricted)
rElec    .         Harm     .   (no cloak)
rCorr    .         Rampage  .   (no gloves)
Will     .....                  (no boots)
Stlth    ..........             (no amulet)
HPRegen  0.13/turn              (no ring)
MPRegen  0.08/turn              (no ring)

@: confused, mighty
A: horns 2, retaliatory headbutt
a: no special abilities


You were on level 2 of the Dungeon.
You visited 1 branch of the dungeon, and saw 2 of its levels.

You collected 74 gold pieces.

Inventory:

Hand Weapons
 a - a +0 long sword (weapon)
Armour
 b - a +0 scale mail (worn)
 c - a +0 kite shield (worn)
Scrolls
 h - a scroll of silence {unknown}
Potions
 d - 2 potions of might
 e - a potion of haste {unknown}
 f - a potion of curing {unknown}
 g - 2 potions of attraction {unknown}


   Skills:
 + Level 4.3 Fighting
 + Level 3.3 Long Blades
 + Level 4.3 Armour
 + Level 4.3 Shields


You had 3 spell levels left.
You didn't know any spells.
Your spell library was empty.

Dungeon Overview and Level Annotations

Branches:
Dungeon (2/15)

Altars:

Annotations:
D:2 Sigmund


Innate Abilities, Weirdness & Mutations

You have a pair of horns on your head.
You reflexively headbutt those who attack you in melee.


Message History

Sigmund flickers and vanishes!
Deactivating autopickup; reactivate with Ctrl-A.
The kobold hits you but does no damage. Something hits you but does no damage.
You barely miss the kobold. Your headbutt misses the kobold.
The kobold hits you but does no damage. Something hits you.
You take 4 damage, and have 36/41 hp.
You closely miss the kobold. You block the kobold's attack.
Something hits you but does no damage. The kobold barely misses you.
Something hits you!
You take 8 damage, and have 28/41 hp.
You slash the kobold!
You kill the kobold!
Something hits you.
You take 4 damage, and have 24/41 hp.
Something hits you.
Things that are here:
a +0 dagger; a kobold corpse You take 2 damage, and have 22/41 hp.
You hit something. Something hits you but does no damage.
You hit something. You headbutt something! You block something's attack.
Something hits you!
You take 7 damage, and have 16/41 hp.
You closely miss something. Your headbutt misses something.
You hear some strange, mumbled words.
Something tries to affect you, but you resist.
You miss something. Your headbutt misses something. Something hits you.
You hear some strange, mumbled words.
You are confused.
You take 1 damage, and have 15/41 hp.
You bump into the rock wall.
Something hits you.
* * * LOW HITPOINT WARNING * * *
You take 5 damage, and have 10/41 hp.
You bump into the rock wall.
Something hits you.
* * * LOW HITPOINT WARNING * * *
You take 5 damage, and have 5/41 hp.
You bump into the rock wall.
Something hits you.
* * * LOW HITPOINT WARNING * * *
You take 4 damage, and have 1/41 hp.
You bump into the rock wall.
Something hits you.
You die...

.. ..##########
...........# ...........#
...........#### #######
..............# #.....#
.....<.....##.#####.###.##
.............g{@......#..#
......g......##########..#
.............##..........#
.....+####...##.########(#
g#### +...##.# #.#
#......##...##.# #.#
#...........##.########.#
.#......##...##.#........#
...............#.########


You could see a hobgoblin.

Vanquished Creatures
  3 adders (D:2)
  5 ball pythons
  7 bats
  2 endoplasms (D:1)
  A giant cockroach (D:2)
  5 goblins
  3 hobgoblins
  A quokka (D:2)
  A frilled lizard (D:1)
  5 kobolds
  11 rats
44 creatures vanquished.

Notes
Turn   | Place    | Note
-------+----------+-------------------------------------------
     0 | D:1      | Mitsuki the Minotaur Fighter began the quest for the Orb.
     0 | D:1      | Reached XP level 1. HP: 19/19 MP: 0/0
   133 | D:1      | Reached XP level 2. HP: 27/27 MP: 1/1
   776 | D:1      | Reached XP level 3. HP: 29/33 MP: 2/2
  1301 | D:2      | Reached XP level 4. HP: 41/41 MP: 3/3
  1355 | D:2      | Noticed Sigmund
  1399 | D:2      | HP: 1/41 [something (4)]
  1400 | D:2      | Slain by Sigmund

Illustrated notes

Levels and vault maps discovered:
D:1:      elethiomel_arrival_diamonds, layout_basic
D:2:      layout_basic, minmay_tromino_i2, uniq_sigmund

Skill      XL: |  1  2 |
---------------+-------+-----
Fighting       | 4 |  4.3
Armour         | 4 |  4.3
Shields        | 4 |  4.3
Long Blades    | 3 |  3.3

Action                   |  1- 3 |  4- 6 || total
-------------------------+-------+-------++-------
Melee: Long sword        |    69 |    16 ||    85
       Headbutt          |     3 |     3 ||     6
  Use: Potion            |       |     1 ||     1
Armor: Scale mail        |    36 |    14 ||    50
Dodge: Dodged            |    29 |     8 ||    37
Block: Kite shield       |    45 |    25 ||    70
       Rpst.: Long sword |     6 |     2 ||     8

Table legend: (Time is in decaauts)
 A = Elapsed time spent in this place.
 B = Non-inter-level travel time spent in this place.
 C = Inter-level travel time spent in this place.
 D = Time resting spent in this place.
 E = Time spent auto-exploring this place.
 F = Levels seen in this place.
 G = Mean time per level.
                   A        B        C        D        E       F      G
               +--------+--------+--------+--------+--------+-----+--------+
         Total |   1439 |   1426 |     13 |      0 |   1171 |   2 |  719.5 |
       Dungeon |   1439 |   1426 |     13 |      0 |   1171 |   2 |  719.5 |
               +--------+--------+--------+--------+--------+-----+--------+

Top non-repeatable levels by time:
     D:1: 881 daAuts
     D:2: 558 daAuts
